 Dungeon Crawl Stone Soup version 0.29-a0-409-gd843f3a48c (webtiles) character file.

Game seed: 17580695812324832567

12774 Gargoyl the Cleaver (level 11, -8/73 HPs)
             Began as a Gargoyle Berserker on May 13, 2022.
             Was a Priest of Trog.
             Mangled by a komodo dragon (16 damage)
             ... on level 1 of the Lair of Beasts.
             The game lasted 00:14:58 (10521 turns).

Gargoyl the Cleaver (Gargoyle Berserker)           Turns: 10521, Time: 00:14:58

Health: -8/73      AC: 32    Str: 21    XL:     11   Next: 98%
Magic:  0/11       EV: 13    Int:  8    God:    Trog [***...]
Gold:   650        SH:  0    Dex: 15    Spells: 10/10 levels left

rFire   + . .      SeeInvis +   k - +4 war axe (vamp)
rCold   . . .      Faith    .   (no shield)
rNeg    + + .      Spirit   +   y - +5 plate armour of the Sharing Gods {rN+}
rPois   ∞          Reflect  .   (no helmet)
rElec   +          Harm     .   (no cloak)
rCorr   .          Rampage  .   D - +0 pair of gloves "Golielux" {SInv}
Will    .....                   o - +2 pair of boots
Stlth   ..........              C - amulet of guardian spirit
HPRegen 0.22/turn               v - +4 ring of evasion
MPRegen 0.12/turn               s - ring "Icvire" {rF+ Slay+2}

@: on berserk cooldown, very slow
A: sickness immunity, AC +8, negative energy resistance 1, electricity
resistance, torment resistance 1, petrification resistance, agile 1, sturdy
frame 1
a: Renounce Religion, Berserk, Trog's Hand


You were on level 1 of the Lair of Beasts.
You worshipped Trog.
Trog was most pleased with you.
You visited 2 branches of the dungeon, and saw 11 of its levels.
You also visited: Ossuary.

You collected 650 gold pieces.

Inventory:

Hand Weapons
 d - a +0 vorpal war axe
 k - a +4 vampiric war axe (weapon)
Missiles
 g - 3 silver boomerangs
 w - 11 poisoned darts (quivered)
Armour
 o - a +2 pair of boots (worn)
 y - the +5 plate armour of the Sharing Gods (worn) {rN+}
   (You found it on level 6 of the Dungeon)

   rN:        It protects you from negative energy.
 D - the +0 pair of gloves "Golielux" (worn) {SInv}
   (You acquired it on level 8 of the Dungeon)

   SInv:      It lets you see invisible.
Jewellery
 s - the ring "Icvire" (right hand) {rF+ Slay+2}
   (You acquired it on level 8 of the Dungeon)

   [ring of protection from fire]

   Slay:      It affects your accuracy & damage with ranged weapons and melee
   (+2).
   rF:        It protects you from fire.
 v - a +4 ring of evasion (left hand)
 C - an amulet of guardian spirit (around neck)
 E - a +6 ring of strength
Wands
 c - a wand of acid (8)
 j - a wand of mindburst (8)
 u - a wand of paralysis (12)
 H - a wand of flame (9)
Scrolls
 a - 4 scrolls of poison
 r - 3 scrolls of teleportation
 t - 2 scrolls of fog
 z - 2 scrolls of enchant armour
 A - a scroll of blinking
Potions
 b - a potion of cancellation
 e - 3 potions of might
 f - 7 potions of haste
 h - 2 potions of resistance
 i - a potion of invisibility
 l - 8 potions of curing
 m - 2 potions of brilliance {unknown}
 p - 2 potions of ambrosia
 x - a potion of mutation
 B - 3 potions of heal wounds {unknown}
 F - a potion of lignification {unknown}
Miscellaneous
 G - a lightning rod (4/4)


   Skills:
 + Level 10.5 Fighting
 + Level 12.7 Axes
 + Level 0.6 Throwing
 + Level 9.2 Armour
 + Level 4.0 Dodging
 + Level 1.4 Stealth


You had 10 spell levels left.
You didn't know any spells.
Your spell library was empty.

Dungeon Overview and Level Annotations

Branches:
Dungeon (10/15)            Temple (0/1) D:4            Lair (1/6) D:10
Ossuary (visited)
    Orc: D:9-12

Altars:
Ashenzari
Elyvilon
Makhleb
Qazlal
Ru
Uskayaw
Vehumet
Xom
Zin

Shops:
D:1 [   D:6 (


Innate Abilities, Weirdness & Mutations

You are immune to sickness and miasma.
Your stone body is resilient. (AC +8)
You are immune to poison.
You resist negative energy. (rN+)
You are resistant to electric shocks. (rElec)
You are resistant to unholy torment.
You are immune to petrification.
You are agile. (Dex +2)
Your movements are slightly less encumbered by armour. (ER -2)


Message History

The electric eel shoots out a bolt of lightning at you!
The bolt of electricity hits your two-headed ogre.
The bolt of electricity misses you.
The electric eel shoots out a bolt of lightning at you!
The bolt of electricity hits you but does no damage.
Your two-headed ogre rages.
A komodo dragon comes into view.
You swap places.
The electric eel shoots out a bolt of lightning at you!
The bolt of electricity hits you. You resist.
The electric eel shoots out a bolt of lightning at you!
The bolt of electricity hits you. You resist. The komodo dragon bites you.
The electric eel shoots out a bolt of lightning at you!
The bolt of electricity misses you. The komodo dragon barely misses you.
The electric eel shoots out a bolt of lightning at you!
The bolt of electricity hits you. You resist.
The komodo dragon barely misses you.
Your unstable footing causes you to fumble your attack.
The komodo dragon bites you!
Unknown command.
Your unstable footing causes you to fumble your attack.
The komodo dragon bites you!
* * * LOW HITPOINT WARNING * * *
Unknown command.
Your two-headed ogre is no longer berserk.
The electric eel shoots out a bolt of lightning at you!
The bolt of electricity hits you but does no damage.
The komodo dragon misses you. The komodo dragon bites you!
* * * LOW HITPOINT WARNING * * *
Your two-headed ogre hits the komodo dragon with a +0 giant club! x2
The komodo dragon attacks as you move away!
The komodo dragon bites you!
* * * LOW HITPOINT WARNING * * *
You feel yourself speed up. The komodo dragon closely misses you.
The electric eel shoots out a bolt of lightning at you!
The bolt of electricity hits you. You resist.
The bolt of electricity hits your two-headed ogre!
The komodo dragon bites you!
You die...

#≈...≈≈♣≈≈..### ##
#♣≈.♣≈P≈≈≈≈...# ####.
##♣≈≈.≈≈≈≈≈≈≈≈..###...#
##P≈≈P.≈≈≈≈≈≈≈≈≈.##.....
#≈♣≈≈≈.≈≈≈≈≈≈≈♣.........
♣≈≈≈≈.≈≈≈≈≈≈≈..P..#.#..
♣♣≈PP≈.≈≈≈≈≈≈♣..#######.
♣≈≈≈≈≈.≈≈O♣♣♣≈..###.....
♣≈≈≈≈≈.@l≈♣♣≈.###P....#.
≈≈≈≈S≈.≈≈♣♣♣..# ........
≈≈≈≈≈≈.≈≈♣♣≈... ........
≈P≈≈≈≈.≈≈♣♣♣♣.# ..###...
≈≈≈≈≈≈.≈≈≈ ♣♣♣ ♣≈..
≈≈≈≈≈≈.≈≈≈≈ ♣≈≈≈≈≈♣.
♣≈≈≈≈≈.≈≈≈P ≈≈≈≈≈≈≈P
≈≈≈≈≈≈.≈≈P≈P P≈P≈≈≈≈≈
........


You could see a komodo dragon, an electric eel (ally target) and a friendly
two-headed ogre (summoned, slow).

Vanquished Creatures
  2 two-headed ogres
  Pikel (D:9)
  3 cane toads (Lair:1)
  A kobold demonologist (D:9)
  2 komodo dragons (D:10)
  2 trolls
  A hornet (D:8)
  Grinder (D:6)
  2 shadows (D:9)
  Eustachio (D:6)
  3 yaks
  2 wraiths (D:9)
  2 steam dragons
  2 acid dragons
  7 water moccasins
  An orc warrior (D:9)
  A sky beast (D:6)
  An ice beast (D:6)
  A black bear (D:10)
  5 centaurs
  3 ogres
  4 wolves (Lair:1)
  3 lemures (D:9)
  3 phantoms
  2 elf zombies
  A kobold brigand (D:8)
  Blork the orc (D:6)
  4 gnoll sergeants
  10 bullfrogs
  3 necrophages
  2 scorpions
  4 elf skeletons (D:5)
  11 killer bees
  8 howler monkeys
  3 centaur zombies (Ossuary)
  4 orc priests
  4 jellies
  A gnoll shaman (D:9)
  A human zombie (Ossuary)
  5 hounds
  9 iguanas
  A human skeleton (D:5)
  9 orc wizards
  A statue (D:3)
  2 mummies (Ossuary)
  15 gnolls
  12 adders
  An ufetubus (D:5)
  An adder zombie (Ossuary)
  4 worms
  2 dart slugs
  12 orcs
  5 bats
  6 endoplasms
  3 giant cockroaches
  5 hobgoblins
  6 jackals
  11 kobolds
  4 quokkas
  9 ball pythons
  2 frilled lizards (D:3)
  4 goblins
  11 hobgoblin zombies (Ossuary)
  3 jackal zombies (Ossuary)
  7 kobold zombies (Ossuary)
  8 orc zombies (Ossuary)
  4 rats
  2 rat zombies (Ossuary)
277 creatures vanquished.

Vanquished Creatures (collateral kills)
  A hydra (Lair:1)
  A wyvern (Lair:1)
  2 electric eels (Lair:1)
  A plant (Lair:1)
5 creatures vanquished.

Vanquished Creatures (others)
  A gnoll sergeant (D:10)
  A bullfrog (Lair:1)
  30 fungi (D:10)
  39 plants
71 creatures vanquished.

Grand Total: 353 creatures vanquished

Notes
Turn   | Place    | Note
-------+----------+-------------------------------------------
     0 | D:1      | Gargoyl the Gargoyle Berserker began the quest for the Orb.
     0 | D:1      | Reached XP level 1. HP: 14/14 MP: 1/1
   200 | D:1      | Reached XP level 2. HP: 16/19 MP: 2/2
   305 | D:1      | Found Rocaid's Armour Emporium.
   560 | D:1      | Reached skill level 3 in Axes
   698 | D:2      | Reached XP level 3. HP: 22/24 MP: 3/3
  1040 | D:2      | Reached XP level 4. HP: 29/29 MP: 4/4
  1047 | D:2      | Reached ** piety under Trog
  1348 | D:2      | Found a faded altar of an unknown god.
  1804 | D:3      | Found a hide-covered altar of Uskayaw.
  1895 | D:3      | Found a radiant altar of Vehumet.
  1895 | D:3      | Noticed a charred statue
  1905 | D:3      | Killed a charred statue
  1955 | D:3      | Reached XP level 5. HP: 33/33 MP: 5/5
  2277 | D:3      | Noticed a water elemental
  2279 | D:3      | Found a stormy altar of Qazlal.
  2281 | D:3      | Noticed an air elemental
  2281 | D:3      | Noticed a fire elemental
  2565 | D:4      | Found a staircase to the Ecumenical Temple.
  2576 | D:4      | Reached skill level 4 in Axes
  2618 | D:4      | Reached skill level 1 in Stealth
  2862 | D:4      | Found a burning altar of Makhleb.
  2920 | D:4      | Reached XP level 6. HP: 39/39 MP: 6/6
  3269 | D:4      | Found a sacrificial altar of Ru.
  3871 | D:4      | Reached skill level 5 in Axes
  3871 | D:4      | Reached XP level 7. HP: 44/44 MP: 7/7
  3931 | D:5      | Entered Level 5 of the Dungeon
  4026 | D:5      | Reached skill level 5 in Fighting
  4146 | D:5      | You fall into a shaft and drop 1 floor!
  4149 | D:6      | Noticed Grinder
  4157 | D:6      | Paralysed by Grinder for 5 turns
  4172 | D:6      | Killed Grinder
  4173 | D:6      | Reached skill level 6 in Axes
  4226 | D:6      | Reached XP level 8. HP: 26/51 MP: 8/8
  4579 | D:5      | Found a sand-covered staircase.
  4588 | D:5      | Reached skill level 7 in Axes
  4602 | Ossuary  | Entered an ossuary
  4773 | Ossuary  | Reached *** piety under Trog
  4837 | Ossuary  | Reached skill level 5 in Armour
  5024 | Ossuary  | Reached XP level 9. HP: 57/57 MP: 9/9
  5467 | D:5      | Reached skill level 8 in Axes
  5873 | D:6      | Noticed Blork the orc
  5881 | D:6      | Killed Blork the orc
  5902 | D:6      | Identified the +5 plate armour of the Sharing Gods {rN+}
  6160 | D:6      | Noticed Eustachio
  6178 | D:6      | Killed Eustachio
  6218 | D:6      | Reached skill level 9 in Axes
  6399 | D:6      | Found Cucoteb's Weapon Emporium.
  6531 | D:7      | Found a glowing silver altar of Zin.
  6584 | D:7      | Identified the +6 falchion of Disharmony {pain, rElec}
  6619 | D:7      | Reached XP level 10. HP: 7/64 MP: 10/10
  7073 | D:7      | Found a shimmering altar of Xom.
  7137 | D:7      | Reached **** piety under Trog
  7408 | D:8      | Identified 2 scrolls of acquirement
  7408 | D:8      | Acquired the +0 pair of gloves "Golielux" {SInv}
  7438 | D:8      | Acquired the ring "Icvire" {rF+ Slay+2}
  7455 | D:8      | Found a white marble altar of Elyvilon.
  7676 | D:8      | Reached skill level 10 in Axes
  7932 | D:8      | Found a broken altar of Ashenzari.
  8470 | D:9      | Noticed a two-headed ogre
  8470 | D:9      | Noticed a kobold demonologist
  8512 | D:9      | Killed a two-headed ogre
  8518 | D:9      | Noticed Pikel
  8572 | D:9      | Killed Pikel
  8573 | D:9      | Reached skill level 11 in Axes
  8676 | D:9      | Reached XP level 11. HP: 71/71 MP: 11/11
  8735 | D:9      | Noticed a sixfirhy
  9053 | D:10     | Entered Level 10 of the Dungeon
  9072 | D:10     | Noticed a two-headed ogre
  9082 | D:10     | Killed a two-headed ogre
  9243 | D:10     | Reached skill level 12 in Axes
  9278 | D:10     | Reached skill level 10 in Fighting
  9283 | D:10     | Found a staircase to the Lair.
  9399 | D:10     | Gained mutation: You have a pair of small horns on your
                  | head. [potion of mutation]
  9399 | D:10     | Gained mutation: Your spells are a little easier to cast,
                  | but a little less powerful. [potion of mutation]
  9400 | D:10     | Lost mutation: You have a pair of small horns on your head.
                  | [potion of mutation]
  9400 | D:10     | Lost mutation: Your spells are a little easier to cast, but
                  | a little less powerful. [potion of mutation]
  9400 | D:10     | Gained mutation: Your movements are slightly less
                  | encumbered by armour. (ER -2) [potion of mutation]
  9400 | D:10     | Gained mutation: You are agile. (Dex +2) [potion of
                  | mutation]
 10153 | Lair:1   | Entered Level 1 of the Lair of Beasts
 10486 | Lair:1   | Noticed an eight-headed hydra
 10496 | Lair:1   | Killed a nine-headed hydra
 10521 | Lair:1   | Mangled by a komodo dragon

Illustrated notes

Levels and vault maps discovered:
D:1:      dpeg_arrival_rooms_c, layout_basic, serial_shops,
          nicolae_shop_statue_plus
D:2:      layout_rooms, shapermc_ecumenical_altar_mp_ritualfount,
          minmay_ruptured
D:3:      layout_loops_ring, marbit_many_paths, vehumet_statue,
          nicolae_qazlal_style_of_elements
D:4:      layout_cave_pods, nicolae_ru_awakened_eye,
          mainiacjoe_overflow_alcove_4, minmay_temple_entry_large_hall
D:5:      layout_gridville, nicolae_ossuary_entry_catacombs,
          chequers_serial_rivers_room_b, minmay_increasing_density
D:6:      layout_rooms, serial_shops, nicolae_shop_trees, uniq_grinder,
          uniq_blork_the_orc, uniq_eustachio
D:7:      layout_basic, mainiacjoe_overflow_alcove_2,
          mainiacjoe_overflow_24_doors
D:8:      layout_loops_cross, mainiacjoe_overflow_paths, kennysheep_little_box
D:9:      layout_rooms, minmay_joined_circles, uniq_pikel
D:10:     layout_stronghold, due_lair_maze_entry_diamond, grunt_ministairs_15,
          minmay_misc_feat_encased, chequers_avenue
Lair:1:   layout_misc_corridors, minivault_27, grunt_forest_small_clearings,
          minmay_lair_oklob_items, serial_bayou_lagoon_b

Skill      XL: |  1  2  3  4  5  6  7  8  9 10 11 |
---------------+----------------------------------+-----
Axes           | 3 4 5 6 7 9 11 12 | 12.7
Dodging        | 2 3 4 |  4.0
Fighting       | 4 5 7 9 10 | 10.5
Stealth        | 1 |  1.4
Armour         | 3 4 5 6 7 9 |  9.2
Throwing       | |  0.6

Action                   |  1- 3 |  4- 6 |  7- 9 | 10-12 || total
-------------------------+-------+-------+-------+-------++-------
Melee: Hand axe          |    83 |     3 |       |       ||    86
       War axe           |       |   125 |   309 |   364 ||   798
       Punch             |       |     2 |     4 |     3 ||     9
Throw: Boomerang         |       |       |     4 |       ||     4
Invok: Berserk           |     2 |     4 |     7 |     6 ||    19
       Trog's Hand       |       |     1 |     3 |     4 ||     8
       Brothers in Arms  |       |       |       |     2 ||     2
  Use: Scroll            |       |    10 |     3 |    15 ||    28
       Potion            |       |       |       |     2 ||     2
 Stab: Sleeping          |     1 |     1 |       |       ||     2
Armor: Animal skin       |    31 |    13 |       |       ||    44
       Chain mail        |       |    97 |   179 |       ||   276
       Plate armour      |       |       |    84 |   374 ||   458
Dodge: Dodged            |    73 |    64 |   177 |   353 ||   667

Table legend: (Time is in decaauts)
 A = Elapsed time spent in this place.
 B = Non-inter-level travel time spent in this place.
 C = Inter-level travel time spent in this place.
 D = Time resting spent in this place.
 E = Time spent auto-exploring this place.
 F = Levels seen in this place.
 G = Mean time per level.
                   A        B        C        D        E       F      G
               +--------+--------+--------+--------+--------+-----+--------+
         Total |  10735 |  10431 |    304 |    614 |   7486 |  12 |  894.6 |
       Dungeon |   9831 |   9528 |    303 |    361 |   7124 |  10 |  983.1 |
          Lair |    374 |    374 |      0 |      0 |    265 |   1 |  374.0 |
       Ossuary |    529 |    529 |      0 |    253 |     96 |   1 |  529.0 |
               +--------+--------+--------+--------+--------+-----+--------+

Top non-repeatable levels by time:
     D:4: 1379 daAuts
     D:5: 1206 daAuts
    D:10: 1106 daAuts
     D:3: 1029 daAuts
     D:7: 989 daAuts
     D:2: 928 daAuts
     D:6: 841 daAuts
     D:9: 829 daAuts
     D:8: 821 daAuts
     D:1: 699 daAuts
 Ossuary: 529 daAuts
  Lair:1: 374 daAuts
